 Dungeon Crawl Stone Soup version 0.30-a0-629-gd54f4be4f7 (webtiles) character file.

Game seed: 5070336178809691107

2345 NinjaNoafa the Caller (level 9, -10/39 HPs)
             Began as a Felid Summoner on Jan 12, 2023.
             Was an Initiate of Gozag.
             Mangled by a komodo dragon (29 damage)
             ... on level 7 of the Dungeon.
             The game lasted 00:26:09 (10668 turns).

NinjaNoafa the Caller (Felid Summoner)             Turns: 10668, Time: 00:26:10

Health: -10/39     AC:  2    Str:  4    XL:     9   Next: 20%
Magic:  0/18       EV: 20    Int: 27    God:    Gozag
Gold:   413        SH:  0    Dex: 16    Spells: 1/19 levels left
                                        Lives:  0   Deaths: 2

rFire   . . .      SeeInvis +    (weapon unavailable)
rCold   . . .      Faith    .    (shield unavailable)
rNeg    . . .      Spirit   +    (body armour unavailable)
rPois   +          Reflect  .    (helmet unavailable)
rElec   .          Harm     .    (cloak unavailable)
rCorr   .          Rampage  .    (gloves unavailable)
Will    +....                    (boots unavailable)
Stlth   ++                       h - amulet of guardian spirit
HPRegen 0.26/turn                c - ring of poison resistance
MPRegen 0.16/turn                w - +6 ring of intelligence

@: quick
A: very small, claws 1, fangs 3, see invisible, speed 1, shaggy fur 2, stealthy
paws, no weapons or thrown items, no armour, multi-lived
a: Renounce Religion, Potion Petition, Call Merchant, Bribe Branch


You were on level 7 of the Dungeon.
You worshipped Gozag.
Gozag was aware of your devotion.
You visited 2 branches of the dungeon, and saw 9 of its levels.

You collected 499 gold pieces.
You paid 86 gold pieces to Gozag.

Inventory:

Jewellery
 c - a ring of poison resistance (left paw)
 h - an amulet of guardian spirit (around neck)
 w - a +6 ring of intelligence (right paw)
Wands
 l - a wand of mindburst (12)
 n - a wand of charming (4)
Scrolls
 b - 5 scrolls of poison
 d - 7 scrolls of teleportation
 g - a scroll of noise
 i - a scroll of fear
 k - 3 scrolls of amnesia {unknown}
 m - 2 scrolls of immolation {unknown}
 o - a scroll of fog {unknown}
 p - a scroll of blinking {unknown}
 v - a scroll of vulnerability {unknown}
Potions
 a - 2 potions of magic
 e - 6 potions of curing
 f - a potion of cancellation {unknown}
 j - a potion of berserk rage {unknown}
 q - 4 potions of flight
 r - 2 potions of heal wounds
 s - a potion of might {unknown}
 t - a potion of ambrosia {unknown}
 u - a potion of brilliance {unknown}


   Skills:
 - Level 4.1 Fighting
 - Level 6.2 Dodging
 - Level 2.6 Stealth
 - Level 5.7 Spellcasting
 - Level 5.0 Hexes
 - Level 7.3 Summonings
 + Level 6.8 Air Magic
 + Level 2.3 Evocations


You had one spell level left.
You knew the following spells:

 Your Spells              Type           Power      Damage    Failure   Level
a - Summon Small Mammal   Summ           100%       N/A       1%          1
b - Call Imp              Summ           47%        N/A       1%          2
c - Call Canine Familiar  Summ           47%        N/A       1%          3
d - Summon Guardian Gole  Hex/Summ       41%        N/A       1%          3
e - Summon Lightning Spi  Summ/Air       46%        N/A       3%          4
f - Ensorcelled Hibernat  Hex/Ice        42%        N/A       3%          2
g - Swiftness             Air            44%        N/A       1%          3

Your spell library contained the following spells:

 Spells                   Type           Power      Damage    Failure   Level
 Static Discharge         Conj/Air       52%        2-5/arc   2%          2
 Vhi's Electric Charge    Tloc/Air       52%        N/A       4%          3
 Inner Flame              Hex/Fire       21%        N/A       7%          3
 Cause Fear               Hex            17%        N/A       9%          4
 Passwall                 Tmut/Erth      5%         N/A       10%         2
 Arcjolt                  Conj/Air       13%        1d23      41%         5
 Lightning Bolt           Conj/Air       13%        1d26      41%         5
 Discord                  Hex            17%        N/A       100%        8


Dungeon Overview and Level Annotations

Branches:
Dungeon (8/15)             Temple (1/1) D:6
   Lair: D:8-11

Altars:
Cheibriados
Dithmenos
Elyvilon
Fedhas
Gozag
Kikubaaqudgha
Makhleb
Nemelex Xobeh
Okawaru
Qazlal
Ru
Sif Muna
Trog
Uskayaw
Vehumet
Xom
Yredelemnul
Zin
The Shining One

Shops:
D:5 [

Annotations:
D:8 Maggie


Innate Abilities, Weirdness & Mutations

You have sharp claws.
You have razor-sharp teeth.
You have supernaturally acute eyesight. (SInv)
You cover ground quickly. (Speed+)
You are covered in thick fur. (AC +2)
Your paws help you pounce on unaware monsters.
You are incapable of wielding weapons or throwing items.
You cannot wear armour.
You gain extra lives every three experience levels.


Message History

Confirm with . or Enter, or press ? or * to list all spells.
An electric hum fills the air.
The komodo dragon hisses menacingly.
Your lightning spire shoots out a bolt of lightning at the orc!
The bolt of electricity hits the komodo dragon.
The bolt of electricity hits the orc!
The orc dies!
The komodo dragon closely misses you.
Your lightning spire shoots out a bolt of lightning at the komodo dragon!
The bolt of electricity misses the komodo dragon.
The komodo dragon bites you!
The komodo dragon bites your lightning spire!
There is a stone staircase leading down here.
Casting: Summon Lightning Spire (dangerous; 3% risk of failure)
Confirm with . or Enter, or press ? or * to list all spells.
A guardian golem appears, shielding your allies.
The komodo dragon misses you.
You swap places.
The komodo dragon is distracted by your dazzling golden aura.
Your lightning spire shoots out a bolt of lightning at the komodo dragon!
The bolt of electricity hits the komodo dragon!
The komodo dragon is no longer distracted by gold.
Your lightning spire disappears in a puff of smoke!
The komodo dragon bites your guardian golem!!
Casting: Summon Guardian Golem (safe; 1% risk of failure)
Confirm with . or Enter, or press ? or * to list all spells.
An electric hum fills the air.
What are your orders? t - Meow!
Orders for allies: a - Attack new target. r - Retreat! s - Stop attacking. g - Guard the area. f - Follow me.
Anything else - Cancel.
Gang up on whom?
Press: ? - help, Dir - move target, f - komodo dragon
Aim: a komodo dragon (moderately wounded, ally target) Attack!
The komodo dragon bites you!!
Ouch! That really hurt!
You die...
Your body crumbles into a pile of gold.

##..........#
#.........## #.........#
##.......## ####.......##
######......###..##
######......###### ##..#
#....5..##############.##
.....#### ##..@.......##
# ..#### #...l........#
## ### ##..98$.......##
#. ## #..............##
#. .# #...............#
#. .##
##...............## #.
..# #.................##
#. #.##
#..................####
##.#
#.....................#


You could see a komodo dragon (ally target), a friendly guardian golem
(summoned) and a friendly lightning spire (summoned, sheltered).

Vanquished Creatures
  An orc (D:5)
  A kobold (D:6)
2 creatures vanquished.

Vanquished Creatures (collateral kills)
  Pikel (D:5)
  3 steam dragons (D:6)
  An ice beast (D:7)
  3 black bears
  3 ogres
  A sky beast (D:7)
  4 lemures (D:5)
  3 centaurs
  2 phantoms
  2 kobold brigands
  A bullfrog (D:7)
  2 scorpions (D:5)
  2 howler monkeys
  A nameless horror (D:5)
  3 hounds
  3 jellies
  3 iron imps (D:6)
  Jessica (D:2)
  2 iguanas
  6 orc wizards
  6 adders
  A white imp (D:8)
  3 worms
  17 orcs
  3 endoplasms
  2 giant cockroaches
  6 goblins
  5 hobgoblins
  3 jackals (D:3)
  6 quokkas
  7 ball pythons
  5 bats
  2 frilled lizards
  14 kobolds
  6 rats
133 creatures vanquished.

Vanquished Creatures (others)
  Menkaure (D:7)
  A black bear (D:5)
  Crazy Yiuf (D:4)
  An iguana (D:5)
  3 toadstools (D:1)
7 creatures vanquished.

Grand Total: 142 creatures vanquished

Notes
Turn   | Place    | Note
-------+----------+-------------------------------------------
     0 | D:1      | NinjaNoafa the Felid Summoner began the quest for the Orb.
     0 | D:1      | Reached XP level 1. HP: 7/7 MP: 4/4
   403 | D:1      | Reached XP level 2. HP: 11/11 MP: 4/6
   671 | D:1      | Learned a level 2 spell: Call Imp
  1176 | D:2      | Noticed Jessica
  1179 | D:2      | Killed Jessica
  1180 | D:2      | Reached XP level 3. HP: 14/14 MP: 4/8
  1247 | D:2      | Learned a level 3 spell: Call Canine Familiar
  2022 | D:2      | Reached XP level 4. HP: 13/18 MP: 5/9
  2318 | D:3      | Reached skill level 5 in Summonings
  2478 | D:3      | Noticed an ogre
  2510 | D:3      | Killed an ogre
  2511 | D:3      | Reached XP level 5. HP: 21/21 MP: 0/12
  2521 | D:3      | Identified the +5 war axe of Discord {flame, rElec Will+
                  | Str+4}
  3171 | D:3      | Learned a level 3 spell: Summon Guardian Golem
  3416 | D:4      | Reached skill level 1 in Hexes
  3435 | D:4      | Found a glowing silver altar of Zin.
  3535 | D:4      | Found a runed translucent door.
  3536 | D:4      | Noticed Crazy Yiuf
  3675 | D:4      | Noticed a centaur
  3688 | D:4      | Noticed a centaur
  3706 | D:4      | Killed a centaur
  3707 | D:4      | Gained mutation: You are covered in thick fur. (AC +2)
                  | [Felid growth]
  3707 | D:4      | Reached XP level 6. HP: 18/24 MP: 9/13
  3725 | D:4      | Reached skill level 5 in Hexes
  3825 | D:4      | Found an iron altar of Okawaru.
  3939 | D:4      | Killed Crazy Yiuf
  3985 | D:5      | Entered Level 5 of the Dungeon
  3985 | D:5      | Found a blossoming altar of Fedhas.
  4019 | D:5      | Reached skill level 1 in Fighting
  4019 | D:5      | Reached skill level 6 in Summonings
  4019 | D:5      | Reached XP level 7. HP: 6/28 MP: 4/14
  4580 | D:5      | Found a snail-covered altar of Cheibriados.
  4922 | D:5      | Found Hukez's Antique Armour Shop.
  4943 | D:5      | Learned a level 2 spell: Ensorcelled Hibernation
  5298 | D:4      | Learned a level 4 spell: Summon Lightning Spire
  5412 | D:5      | Reached skill level 1 in Air Magic
  5751 | D:6      | Noticed a steam dragon
  5764 | D:6      | Engulfed by a steam dragon's steam
  5765 | D:6      | Reached XP level 6. HP: -4/26 MP: 8/14
  5833 | D:6      | Reached XP level 7. HP: 19/30 MP: 3/15
  6127 | D:6      | Reached skill level 5 in Spellcasting
  6158 | D:6      | Noticed a steam dragon
  6399 | D:6      | Noticed a steam dragon
  6471 | D:6      | Killed a steam dragon
  6472 | D:6      | Reached skill level 5 in Dodging
  6599 | D:6      | Killed from afar by an orc wizard
  6600 | D:6      | Reached XP level 6. HP: -1/28 MP: 0/14
  6631 | D:6      | Reached XP level 7. HP: 23/31 MP: 4/15
  6849 | D:5      | Noticed Pikel
  6860 | D:5      | Killed Pikel
  6861 | D:5      | Reached skill level 7 in Summonings
  6861 | D:5      | Reached XP level 8. HP: 36/36 MP: 12/17
  6916 | D:5      | Learned a level 3 spell: Swiftness
  8228 | D:6      | Found a staircase to the Ecumenical Temple.
  8313 | Temple   | Entered the Ecumenical Temple
  8417 | Temple   | Became a worshipper of Gozag Ym Sagoz the Greedy
  8571 | D:6      | Found a burning altar of Makhleb.
  8772 | D:6      | Reached skill level 5 in Air Magic
  9348 | D:7      | Found a shimmering altar of Xom.
  9349 | D:7      | Found a shimmering altar of Xom.
  9350 | D:7      | Found a shimmering altar of Xom.
  9437 | D:7      | Found a shimmering altar of Xom.
  9547 | D:7      | Found a shimmering altar of Xom.
  9547 | D:7      | Found a shimmering altar of Xom.
  9547 | D:7      | Found a shimmering altar of Xom.
  9548 | D:7      | Found a shimmering altar of Xom.
  9548 | D:7      | Found a shimmering altar of Xom.
  9550 | D:7      | Found a shimmering altar of Xom.
  9550 | D:7      | Found a shimmering altar of Xom.
  9595 | D:7      | Reached XP level 9. HP: 39/39 MP: 13/18
  9635 | D:7      | Found a stormy altar of Qazlal.
  9673 | D:7      | Noticed Menkaure
  9688 | D:7      | Killed Menkaure
  9689 | D:7      | Reached skill level 1 in Evocations
 10524 | D:8      | Noticed Maggie
 10620 | D:8      | Noticed a komodo dragon
 10668 | D:7      | Mangled by a komodo dragon

Illustrated notes

Levels and vault maps discovered:
D:1:      dpeg_arrival_snail, layout_loops_ring, minmay_gold_behind_fungi
D:2:      layout_loops_ring, uniq_jessica
D:3:      layout_rooms, serial_curves, eino_curves_03, eino_curves_03
D:4:      layout_cave_pools, kennysheep_little_box, zin_academy,
          minmay_manual_mares, uniq_crazy_yiuf_cottage
D:5:      layout_basic, old_standard_altar, lemuel_tele_altar, serial_shops,
          nicolae_shop_waterfront, uniq_pikel
D:6:      cheibrodos_steamvent, layout_basic, demons_altar, temple_fountains,
          serial_glass, glass_columns_a, glass_columns_a
D:7:      layout_cave_pods, xom_shifter_show,
          mainiacjoe_overflow_small_starburst, uniq_menkaure
D:8:      layout_cave_pools, dpeg_oklobed_lair, uniq_maggie
Temple:   nicolae_temple_godzebo

Skill      XL: |  1  2  3  4  5  6  7  8  9 |
---------------+----------------------------+-----
Spellcasting   | 3 4 5 |  5.7
Summonings     | 5 6 7 |  7.3
Hexes          | 3 5 |  5.0
Fighting       | 1 3 4 |  4.1
Dodging        | 3 5 6 |  6.2
Air Magic      | 4 6 |  6.8
Evocations     | 2 |  2.3
Stealth        | |  2.6

Action                   |  1- 3 |  4- 6 |  7- 9 || total
-------------------------+-------+-------+-------++-------
Melee: Unarmed           |       |     2 |    19 ||    21
       Bite              |       |       |     2 ||     2
 Cast: Summon Small Mamm |    36 |    27 |    32 ||    95
       Call Imp          |     5 |    15 |    15 ||    35
       Call Canine Famil |     7 |    17 |    20 ||    44
       Summon Guardian G |       |     3 |    28 ||    31
       Summon Lightning  |       |     3 |    35 ||    38
       Ensorcelled Hiber |       |     1 |     1 ||     2
  Use: Scroll            |       |     1 |     8 ||     9
Armor: Skin              |     2 |     5 |    14 ||    21
Dodge: Dodged            |    28 |    39 |   113 ||   180

Table legend: (Time is in decaauts)
 A = Elapsed time spent in this place.
 B = Non-inter-level travel time spent in this place.
 C = Inter-level travel time spent in this place.
 D = Time resting spent in this place.
 E = Time spent auto-exploring this place.
 F = Levels seen in this place.
 G = Mean time per level.
                   A        B        C        D        E       F      G
               +--------+--------+--------+--------+--------+-----+--------+
         Total |   9452 |   8606 |    846 |    143 |   6449 |   9 | 1050.2 |
       Dungeon |   9347 |   8521 |    826 |    143 |   6379 |   8 | 1168.4 |
        Temple |    104 |     84 |     20 |      0 |     70 |   1 |  104.0 |
               +--------+--------+--------+--------+--------+-----+--------+

Top non-repeatable levels by time:
     D:5: 2246 daAuts
     D:6: 2016 daAuts
     D:7: 1447 daAuts
     D:3: 1032 daAuts
     D:1: 987 daAuts
     D:4: 799 daAuts
     D:2: 795 daAuts
  Temple: 104 daAuts
     D:8: 22 daAuts
